 Dungeon Crawl Stone Soup version 0.20.0-9-g8272e65 (webtiles) character file.

3243 Chiseanne the Protected (level 9, -19/81 HPs)
             Began as a Minotaur Fighter on June 3, 2017.
             Was a Follower of Makhleb.
             Killed by the air
             ... invoked by Gastronok
              (28 damage)
             ... on level 8 of the Dungeon.
             The game lasted 00:12:28 (8392 turns).

Chiseanne the Protected (Minotaur Fighter)          Turns: 8392, Time: 00:12:28

Health: -19/81     AC: 14    Str: 18 (21) XL:     9   Next: 67%
Magic:  8/8        EV: 11    Int:  9 (10) God:    Makhleb [*.....]
Gold:   349        SH: 11    Dex: 12 (13) Spells: 8/8 levels left

rFire    . . .     SeeInvis .   a - +1 war axe
rCold    . . .     Gourm    .   c - +0 shield
rNeg     . . .     Faith    .   b - +0 scale mail
rPois    .         Spirit   .   (helmet unavailable)
rElec    .         Reflect  .   t - +0 cloak
rCorr    .         Harm     .   x - +0 pair of gloves
MR       .....                  w - +0 pair of boots
Stlth    ..........             (no amulet)
Regen    0.3/turn               r - ring of flight
MPRegen  0.2/turn               (no ring)

@: brilliant, slowed, very slow
A: retaliatory headbutt, horns 3, thin metallic scales 1, subdued magic 1
a: Renounce Religion, Evoke Flight


You were on level 8 of the Dungeon.
You worshipped Makhleb.
Makhleb was aware of your devotion.
You were very hungry.

You visited 2 branches of the dungeon, and saw 9 of its levels.

You collected 349 gold pieces.

Inventory:

Hand Weapons
 a - a +1 war axe (weapon)
 s - a +1 flail of venom
Missiles
 e - 89 sling bullets
 g - a throwing net
 j - 168 stones (quivered)
 q - 64 bolts
Armour
 b - a +0 scale mail (worn)
 c - a +0 shield (worn)
 t - a +0 cloak (worn)
 w - a +0 pair of boots (worn)
 x - a +0 pair of gloves (worn)
Jewellery
 o - a +3 ring of intelligence
 r - a ring of flight (left hand)
Scrolls
 d - 3 scrolls of amnesia
 h - a scroll of immolation
 l - 3 scrolls of remove curse
 m - 4 scrolls of recharging
 u - 2 scrolls of teleportation
 z - a scroll of identify
Comestibles
 f - 7 bread rations
 i - 5 royal jellies
 v - 7 fruits
 B - 2 meat rations


   Skills:
 * Level 8.2 Fighting
 * Level 7.7 Axes
 * Level 8.2 Armour
 - Level 6.3 Dodging
 * Level 8.2 Shields
 * Level 0.8 Invocations


You had 8 spell levels left.
You didn't know any spells.

Dungeon Overview and Level Annotations

Branches:
Dungeon (8/15)             Temple (1/1) D:5            Lair (0/6) D:8

Altars:
Ashenzari
Cheibriados
Dithmenos
Elyvilon
Fedhas
Gozag
Hepliaklqana
Kikubaaqudgha
Makhleb
Nemelex Xobeh
Okawaru
Qazlal
Ru
Sif Muna
Trog
Uskayaw
Vehumet
Xom
Yredelemnul
Zin
The Shining One

Annotations:
D:7 Cab's ghost, novice DECj
D:8 Gastronok


Innate Abilities, Weirdness & Mutations

You reflexively headbutt those who attack you in melee.
You have a pair of large horns on your head.
You are partially covered in thin metallic scales. (AC +2)
Your spells are a little easier to cast, but a little less powerful.


Message History

Gastronok is heavily wounded.
Gastronok closely misses you.
You slash Gastronok!
Gastronok is heavily wounded.
Gastronok bites you!
You hit Gastronok. You headbutt Gastronok.
Gastronok is heavily wounded.
Gastronok barely misses you. You furiously retaliate!
You headbutt Gastronok, but do no damage.
You slash Gastronok!
Gastronok is heavily wounded.
Gastronok bites you!!
* * * LOW HITPOINT WARNING * * *
You hit Gastronok. You headbutt Gastronok!
Gastronok is severely wounded.
You slash Gastronok! You headbutt Gastronok!
Gastronok is almost dead.
Gastronok waves his eye-stalks in wide circles.
The air twists around and strikes you!
You die...

#...#.#.#.#>#.#.#.#.#.#.#.
####.#.#.#.#.#.#.#.#.#.#.
##.#.#.#.#.#.#.#.#.#.
#.#.#.#.#.#.#.# #.#.
##.#.#.#.#.#.# #.
#.#.#.#.#.#.# ##.#.#.#.#.#
#.#.#.#.#.# ##.#.#.#@#
#.#.#.#w#.# ##.#.#.# #.#
#.#.#.# #.# ##.#.# #.#
#.#.# #.# #.#. ... # ##


You could see Gastronok.

Vanquished Creatures
  A two-headed ogre (D:8)
  A hippogriff (D:7)
  An ice beast (D:8)
  2 orc warriors
  3 sky beasts
  An ogre (D:5)
  A necrophage (D:7)
  A big kobold (D:7)
  A bullfrog (D:6)
  A gnoll sergeant (D:7)
  2 scorpions (D:6)
  4 killer bees (D:7)
  A bullfrog zombie (D:5)
  An electric eel (D:7)
  3 crimson imps
  A jelly (D:6)
  4 orc priests
  4 hounds
  5 orc wizards
  Jessica (D:3)
  Ijyb (D:5)
  An iguana (D:4)
  7 worker ants
  A hound skeleton (D:7)
  A hound zombie (D:7)
  2 worker ant zombies
  10 gnolls
  11 adders
  2 shadow imps
  2 adder skeletons
  An adder zombie (D:4)
  5 worms
  2 dart slugs
  2 leopard geckos (D:7)
  26 orcs
  7 bats
  6 giant cockroaches
  8 hobgoblins
  11 jackals
  7 kobolds
  4 quokkas
  A frilled lizard (D:1)
  7 goblins
  A leopard gecko skeleton (D:4)
  A leopard gecko zombie (D:5)
  4 rats
170 creatures vanquished.

Vanquished Creatures (others)
  A plant (D:7)
1 creature vanquished.

Grand Total: 171 creatures vanquished

Notes
Turn   | Place    | Note
-------+----------+-------------------------------------------
     0 | D:1      | Chiseanne the Minotaur Fighter began the quest for the Orb.
     0 | D:1      | Reached XP level 1. HP: 19/19 MP: 0/0
   312 | D:1      | Reached XP level 2. HP: 27/27 MP: 1/1
   465 | D:1      | Reached skill level 1 in Dodging
   846 | D:2      | Reached XP level 3. HP: 33/33 MP: 2/2
   957 | D:2      | Reached XP level 4. HP: 40/40 MP: 3/3
  1709 | D:2      | Reached XP level 5. HP: 47/47 MP: 4/4
  1716 | D:2      | HP: 2/47 [gnoll/club (8)]
  2256 | D:3      | Noticed Jessica
  2257 | D:3      | Killed Jessica
  2258 | D:3      | Found an ancient bone altar of Kikubaaqudgha.
  2270 | D:3      | Found a stormy altar of Qazlal.
  2283 | D:3      | Found a radiant altar of Vehumet.
  2972 | D:3      | Reached XP level 6. HP: 55/55 MP: 5/5
  3347 | D:4      | Reached skill level 5 in Fighting
  3347 | D:4      | Reached skill level 5 in Shields
  3348 | D:4      | Reached skill level 5 in Armour
  3430 | D:4      | Found a glowing golden altar of the Shining One.
  3804 | D:5      | Entered Level 5 of the Dungeon
  3804 | D:5      | Noticed Ijyb
  3805 | D:5      | Found a staircase to the Ecumenical Temple.
  3809 | D:5      | Reached XP level 7. HP: 58/61 MP: 6/6
  3811 | D:5      | Gained mutation: Your spells are a little easier to cast, but a little less powerful. [potion of mutation]
  3811 | D:5      | Gained mutation: You have a pair of large horns on your head. [potion of mutation]
  3811 | D:5      | Gained mutation: You are partially covered in thin metallic scales. (AC +2) [potion of mutation]
  3834 | D:5      | Killed Ijyb
  4028 | D:5      | Found a blossoming altar of Fedhas.
  4217 | D:5      | Reached skill level 5 in Axes
  4332 | Temple   | Entered the Ecumenical Temple
  4577 | Temple   | Became a worshipper of Makhleb the Destroyer
  4941 | D:6      | Reached XP level 8. HP: 46/70 MP: 7/7
  5585 | D:6      | Reached skill level 5 in Dodging
  5917 | D:7      | Noticed Cab's ghost (novice DECj)
  6178 | D:6      | Reached * piety under Makhleb
  6213 | D:7      | Found a hide-covered altar of Uskayaw.
  6261 | D:7      | Found a hazy altar of Hepliaklqana.
  6281 | D:7      | Noticed a hippogriff
  6288 | D:7      | Killed a hippogriff
  6335 | D:7      | Reached XP level 9. HP: 63/79 MP: 8/8
  8090 | D:8      | Noticed a two-headed ogre
  8096 | D:8      | Killed a two-headed ogre
  8234 | D:8      | Found a staircase to the Lair.
  8376 | D:8      | Noticed Gastronok
  8392 | D:8      | Killed from afar by Gastronok

Skill      XL: |  1  2  3  4  5  6  7  8  9 |
---------------+----------------------------+-----
Dodging        | 1 2 3 4 5 6 |  6.3
Axes           | 3 4 5 6 7 |  7.7
Shields        | 4 5 6 7 8 |  8.2
Fighting       | 4 5 6 7 8 |  8.2
Armour         | 4 5 6 7 8 |  8.2
Invocations    | |  0.8

Action                   |  1- 3 |  4- 6 |  7- 9 || total
-------------------------+-------+-------+-------++-------
Melee: War axe           |    55 |   181 |   221 ||   457
       Headbutt          |    10 |    22 |    64 ||    96
       Flail             |       |     2 |    14 ||    16
  Use: Scroll            |       |     8 |     2 ||    10
       Potion            |       |     1 |     9 ||    10
  Eat: Chunk             |       |     9 |    14 ||    23
Armor: Scale mail        |    26 |    60 |   122 ||   208
Dodge: Dodged            |    20 |    65 |   109 ||   194
Block: Shield            |    38 |   107 |   122 ||   267
